Coyotes vs Sharks
Created - 30 novembre 2012 at 22:02
Goals
|
| Coyotes |
1 |
2 |
1 |
4 |
| Sharks |
2 |
0 |
1 |
3 |
|
Shots
|
| Coyotes |
7 |
9 |
14 |
30 |
| Sharks |
9 |
9 |
9 |
27 |
|
1st period
1. Sharks , Andrei Markov 1 (Daniel Sedin, Henrik Sedin) at 14:24
2. Sharks , Henrik Sedin 6 (Daniel Sedin) at 14:38
3. Coyotes , Sergei Samsonov 3 (Frans Nielsen, Jamal Mayers) at 17:28
Penalties :
Jay Bouwmeester (Pho) for Interference (Minor) at 5:18, Andrei Markov (SJS) for Hooking (Minor) at 17:58
2nd period
4. Coyotes , Tom Poti 2 (Marian Gaborik, Jean-Sébastien Giguère) at 6:09 (PP)
5. Coyotes , Jamal Mayers 2 (Frans Nielsen, Denis Grebeshkov) at 12:48 (PP)
Penalties :
Adam Mair (SJS) for High sticking (Minor) at 5:57, Brenden Morrow (Pho) for Roughing (Minor) at 9:23, Ryan Malone (SJS) for Roughing (Minor) at 12:11, Milan Hejduk (SJS) for High sticking (Minor) at 12:51, Mikko Koivu (SJS) for High sticking (Minor) at 15:32, Jiri Fischer (Pho) for Hooking (Minor) at 18:40
3rd period
6. Coyotes , Craig Adams 2 (Maxim Lapierre, Drew Miller) at 18:13
7. Sharks , Mikko Koivu 2 (Andrei Markov) at 19:23
Penalties :
Daniel Sedin (SJS) for Hooking (Minor) at 6:56, Dick Tarnstrom (SJS) for Tripping (Minor) at 11:00
Goalie Stats
Jean-Sébastien Giguère (Pho), 24 saves from 27 shots - (0,889), W, 4-4-0, 60:00 minutes
Pascal Leclaire (SJS), 26 saves from 30 shots - (0,867), L, 1-3-0, 59:27 minutes
Players Stats for Coyotes
Player Name G A P +/- PIM S H SB GA TA FO MP PP MP PK MP
------------------------------------------------------------------------------------
Brenden Morrow 0 0 0 0 2 2 3 2 0 0 0/1 22:15 5:24 0:52
Chad Larose 0 0 0 0 0 0 1 0 0 0 2/6 9:45 0:00 3:13
Christian Ehrhoff 0 0 0 1 0 0 0 0 0 0 0/0 19:49 4:58 0:47
Craig Adams 1 0 1 0 0 3 2 0 0 0 0/0 12:47 0:18 1:10
Denis Grebeshkov 0 1 1 1 0 1 2 0 0 1 0/0 22:32 5:03 1:30
Drew Miller 0 1 1 0 0 2 1 0 1 1 1/1 14:36 0:40 2:19
Frans Nielsen 0 2 2 -1 0 5 2 0 0 0 9/21 17:37 4:47 1:54
Jamal Mayers 1 1 2 -1 0 2 1 1 1 0 0/2 15:14 4:47 0:00
Jay Bouwmeester 0 0 0 -2 2 0 3 2 0 1 0/0 28:42 5:40 2:33
Jiri Fischer 0 0 0 0 2 1 1 0 0 0 0/0 13:44 1:18 1:53
Kurt Sauer 0 0 0 0 0 2 0 0 0 1 0/0 14:01 0:47 3:46
Marian Gaborik 0 1 1 0 0 3 2 1 2 0 0/0 20:44 5:39 0:00
Maxim Lapierre 0 1 1 0 0 1 2 0 0 0 1/6 10:54 0:00 0:00
Pavel Brendl 0 0 0 0 0 1 0 0 0 0 0/0 6:19 0:11 0:00
Riley Cote 0 0 0 0 0 1 1 0 0 0 0/0 7:46 0:00 1:32
Sergei Samsonov 1 0 1 -1 0 2 1 0 0 1 0/0 15:53 4:47 0:38
Tim Connolly 0 0 0 0 0 1 3 0 0 0 7/32 21:01 5:39 0:16
Tom Poti 1 0 1 -2 0 3 1 0 0 1 0/0 20:21 3:42 1:25
Players Stats for Sharks
Player Name G A P +/- PIM S H SB GA TA FO MP PP MP PK MP
------------------------------------------------------------------------------------
Adam Mair 0 0 0 -1 2 1 3 1 0 0 1/3 9:50 0:28 3:08
Andrei Markov 1 1 2 0 2 1 3 1 1 1 0/0 27:33 3:16 5:28
Bates Battaglia 0 0 0 -1 0 0 1 0 0 0 0/0 8:47 0:28 2:04
Dan Girardi 0 0 0 1 0 0 0 0 1 1 0/0 21:15 2:41 4:09
Daniel Sedin 0 2 2 2 2 2 2 0 0 1 2/2 21:22 2:48 4:46
David Hale 0 0 0 0 0 0 1 3 0 0 0/0 10:06 0:00 0:00
Dick Tarnstrom 0 0 0 0 2 0 0 0 1 0 0/0 11:12 0:00 1:07
Georges Laraque 0 0 0 1 0 2 2 0 0 0 0/0 16:20 2:03 2:40
Henrik Sedin 1 1 2 2 0 10 1 0 1 0 33/43 22:17 2:48 5:41
Mike Fisher 0 0 0 -1 0 0 1 0 0 0 8/9 12:54 0:41 0:34
Mike Komisarek 0 0 0 1 0 0 0 1 0 0 0/0 20:56 2:41 3:52
Mikko Koivu 1 0 1 1 2 3 4 0 1 0 4/9 13:39 2:03 0:00
Milan Hejduk 0 0 0 2 2 3 3 0 0 0 1/1 18:41 2:48 1:56
Radim Vrbata 0 0 0 -1 0 1 0 0 1 0 0/0 12:21 1:06 0:00
Ryan Malone 0 0 0 1 2 1 3 0 0 0 0/1 14:17 2:03 0:39
Shean Donovan 0 0 0 -1 0 0 1 0 0 0 0/0 7:09 0:35 0:00
Tomas Fleischmann 0 0 0 -1 0 2 0 0 0 0 0/1 11:32 0:00 0:00
Vitaly Vishnevsky 0 0 0 0 0 1 1 4 0 1 0/0 28:58 3:16 6:52
3 Stars
1 - Henrik Sedin (SJS)
2 - Andrei Markov (SJS)
3 - Jamal Mayers (Pho)
Power Play
Coyotes - 2 on 7 Attempt(s) - 28,57%
Sharks - 0 on 3 Attempt(s) - 0,00%
Penalty Kill
Coyotes - 3 on 3 Attempt(s) - 100,00%
- Score 0 goal in Penalty Kill
Sharks - 5 on 7 Attempt(s) - 71,43%
- Score 0 goal in Penalty Kill
Official
Referees : Lee Chris and O'Halloran Dan
Linesman : Andy McElman and Derek Amell
Game Notes
Tom Poti is injured at 2:16 of 3rd period (Bruised Left Shoulder)
Finance
Level 1 -- Attendance: 5790 (96,50%) -- Ticket Income 521 100 $
Level 2 -- Attendance: 4970 (99,40%) -- Ticket Income 273 350 $
Level 3 -- Attendance: 1741 (87,05%) -- Ticket Income 52 230 $
Level 4 -- Attendance: 4000 (100,00%) -- Ticket Income 60 000 $
Luxury Box -- Attendance: 906 (90,60%) -- Ticket Income 163 080 $
Game was played at the Hockey Place Center
Total Attendance: 17407 (96,71%)
Total Ticket Income: 1 069 760 $
Total Income: 1 069 760 $
Coyotes
5 vs 5 Forward
Center Left Wing Right Wing Time % Phy DF OF
1 Tim Connolly Brenden Morrow Marian Gaborik 40 1 2 2
2 Frans Nielsen Sergei Samsonov Jamal Mayers 30 1 2 2
3 Maxim Lapierre Drew Miller Craig Adams 20 1 2 2
4 Chad Larose Riley Cote Pavel Brendl 10 1 2 2
5 vs 5 Defense
Defense Defense Time % Phy DF OF
1 Jay Bouwmeester Tom Poti 40 1 2 2
2 Christian Ehrhoff Denis Grebeshkov 30 1 2 2
3 Kurt Sauer Jiri Fischer 20 1 2 2
4 Jay Bouwmeester Tom Poti 10 1 2 2
PowerPlay Forward
Center Left Wing Right Wing Time % Phy DF OF
1 Tim Connolly Brenden Morrow Marian Gaborik 60 1 2 2
2 Frans Nielsen Sergei Samsonov Jamal Mayers 40 1 2 2
PowerPlay Defense
Defense Defense Time % Phy DF OF
1 Jay Bouwmeester Tom Poti 60 1 2 2
2 Christian Ehrhoff Denis Grebeshkov 40 1 2 2
Penalty Kill 4 Players Forward
Center Wing Time % Phy DF OF
1 Chad Larose Drew Miller 60 1 2 2
2 Frans Nielsen Craig Adams 40 1 2 2
Penalty Kill 4 Players Defense
Defense Defense Time % Phy DF OF
1 Jay Bouwmeester Kurt Sauer 60 1 2 2
2 Jiri Fischer Tom Poti 40 1 2 2
Penalty Kill - 3 Players Forward
Forward Time % Phy DF OF
1 Chad Larose 60 1 2 2
2 Drew Miller 40 1 2 2
Penalty Kill - 3 Players Defense
Defense Defense Time % Phy DF OF
1 Jay Bouwmeester Kurt Sauer 60 1 2 2
2 Jiri Fischer Tom Poti 40 1 2 2
4 vs 4 Forward
Center Wing Time % Phy DF OF
1 Tim Connolly Marian Gaborik 60 1 2 2
2 Frans Nielsen Brenden Morrow 40 1 2 2
4 vs 4 Defense
Defense Defense Time % Phy DF OF
1 Jay Bouwmeester Tom Poti 60 1 2 2
2 Christian Ehrhoff Denis Grebeshkov 40 1 2 2
Last Minutes Offensive
Center Left Wing Right Wing Defense Defense
Tim Connolly Brenden Morrow Marian Gaborik Jay Bouwmeester Tom Poti
Last Minutes Defensive
Center Left Wing Right Wing Defense Defense
Tim Connolly Brenden Morrow Marian Gaborik Jay Bouwmeester Tom Poti
Goaltenders
Starting : Jean-Sébastien Giguère
Backup : Peter Budaj
Extra Forwards
Normal : Drew Miller, Craig Adams, Riley Cote - PP : Drew Miller, Craig Adams - PK : Riley Cote
Extra Defensemen
Normal : Denis Grebeshkov, Jiri Fischer, Kurt Sauer - PP : Denis Grebeshkov - PK : Jiri Fischer, Denis Grebeshkov
Penalty Shots
Marian Gaborik, Brenden Morrow, Tim Connolly, Sergei Samsonov, Drew Miller
Sharks
5 vs 5 Forward
Center Left Wing Right Wing Time % Phy DF OF
1 Henrik Sedin Daniel Sedin Milan Hejduk 40 1 2 2
2 Mikko Koivu Ryan Malone Georges Laraque 30 1 2 2
3 Mike Fisher Tomas Fleischmann Radim Vrbata 20 1 2 2
4 Adam Mair Bates Battaglia Shean Donovan 10 1 2 2
5 vs 5 Defense
Defense Defense Time % Phy DF OF
1 Vitaly Vishnevsky Andrei Markov 40 1 2 2
2 Mike Komisarek Dan Girardi 30 1 2 2
3 David Hale Dick Tarnstrom 20 1 2 2
4 Vitaly Vishnevsky Andrei Markov 10 1 2 2
PowerPlay Forward
Center Left Wing Right Wing Time % Phy DF OF
1 Henrik Sedin Daniel Sedin Milan Hejduk 60 1 2 2
2 Mikko Koivu Ryan Malone Georges Laraque 40 1 2 2
PowerPlay Defense
Defense Defense Time % Phy DF OF
1 Vitaly Vishnevsky Andrei Markov 60 1 2 2
2 Mike Komisarek Dan Girardi 40 1 2 2
Penalty Kill 4 Players Forward
Center Wing Time % Phy DF OF
1 Henrik Sedin Daniel Sedin 60 1 2 2
2 Milan Hejduk Georges Laraque 40 1 2 2
Penalty Kill 4 Players Defense
Defense Defense Time % Phy DF OF
1 Vitaly Vishnevsky Andrei Markov 60 1 2 2
2 Mike Komisarek Dan Girardi 40 1 2 2
Penalty Kill - 3 Players Forward
Forward Time % Phy DF OF
1 Henrik Sedin 60 1 2 2
2 Daniel Sedin 40 1 2 2
Penalty Kill - 3 Players Defense
Defense Defense Time % Phy DF OF
1 Vitaly Vishnevsky Andrei Markov 60 1 2 2
2 Mike Komisarek Dan Girardi 40 1 2 2
4 vs 4 Forward
Center Wing Time % Phy DF OF
1 Henrik Sedin Daniel Sedin 60 1 2 2
2 Milan Hejduk Georges Laraque 40 1 2 2
4 vs 4 Defense
Defense Defense Time % Phy DF OF
1 Vitaly Vishnevsky Andrei Markov 60 1 2 2
2 Mike Komisarek Dan Girardi 40 1 2 2
Last Minutes Offensive
Center Left Wing Right Wing Defense Defense
Henrik Sedin Daniel Sedin Milan Hejduk Vitaly Vishnevsky Andrei Markov
Last Minutes Defensive
Center Left Wing Right Wing Defense Defense
Henrik Sedin Daniel Sedin Milan Hejduk Vitaly Vishnevsky Andrei Markov
Goaltenders
Starting : Pascal Leclaire
Backup : Martin Biron
Extra Forwards
Normal : Mike Fisher, Radim Vrbata, Adam Mair - PP : Mike Fisher, Radim Vrbata - PK : Adam Mair
Extra Defensemen
Normal : David Hale, Dick Tarnstrom, Mike Komisarek - PP : David Hale - PK : Dick Tarnstrom, Mike Komisarek
Penalty Shots
Henrik Sedin, Daniel Sedin, Milan Hejduk, Georges Laraque, Mikko Koivu
% Time on Ice - Coyotes
Lines # - Real PCT - Wanted PCT - Time Play
Normal Forward
1 - 35% - 40% - 14:49
2 - 25% - 30% - 10:52
3 - 26% - 20% - 10:54
4 - 14% - 10% - 6:08
Normal Defense
1 - 45% - 40% - 19:19
2 - 30% - 30% - 12:56
3 - 19% - 20% - 7:59
4 - 6% - 10% - 2:29
PP Forward
1 - 54% - 60% - 5:46
2 - 46% - 40% - 4:58
PP Defense
1 - 67% - 60% - 7:09
2 - 33% - 40% - 3:35
PK Forward
1 - 76% - 60% - 4:32
2 - 24% - 40% - 1:25
PK Defense
1 - 72% - 60% - 4:16
2 - 28% - 40% - 1:41
PK3 Forward
1 - 0% - 60%
2 - 0% - 40%
PK3 Defense
1 - 0% - 60%
2 - 0% - 40%
44 Forward
1 - 0% - 60%
2 - 0% - 40%
44 Defense
1 - 0% - 60%
2 - 0% - 40%
Last Minute Offensive - 0:00
Last Minute Defensive - 0:36
Total
Forward - 60:00
Defense - 60:00
|
% Time on Ice - Sharks
Lines # - Real PCT - Wanted PCT - Time Play
Normal Forward
1 - 32% - 40% - 13:29
2 - 27% - 30% - 11:37
3 - 27% - 20% - 11:32
4 - 14% - 10% - 6:05
Normal Defense
1 - 40% - 40% - 17:10
2 - 34% - 30% - 14:23
3 - 24% - 20% - 10:06
4 - 2% - 10% - 1:04
PP Forward
1 - 65% - 60% - 3:51
2 - 35% - 40% - 2:06
PP Defense
1 - 55% - 60% - 3:16
2 - 45% - 40% - 2:41
PK Forward
1 - 75% - 60% - 8:04
2 - 25% - 40% - 2:40
PK Defense
1 - 64% - 60% - 6:52
2 - 36% - 40% - 3:52
PK3 Forward
1 - 0% - 60%
2 - 0% - 40%
PK3 Defense
1 - 0% - 60%
2 - 0% - 40%
44 Forward
1 - 0% - 60%
2 - 0% - 40%
44 Defense
1 - 0% - 60%
2 - 0% - 40%
Last Minute Offensive - 0:36
Last Minute Defensive - 0:00
Total
Forward - 60:00
Defense - 60:00
|
Play by Play
1st period
0:01 of 1st period - Henrik Sedin wins face-off versus Tim Connolly in neutral zone.
0:08 of 1st period - Snap shot by Henrik Sedin.
0:08 of 1st period - Stopped by Jean-Sébastien Giguère without a rebound.
0:09 of 1st period - Daniel Sedin wins face-off versus Tim Connolly in Coyotes zone.
0:46 of 1st period - Wrist shot by Henrik Sedin.
0:46 of 1st period - Shot Hit the Post.
0:52 of 1st period - Vitaly Vishnevsky is hit by Tom Poti and loses puck.
0:59 of 1st period - Marian Gaborik is hit by Daniel Sedin and loses puck.
1:04 of 1st period - Snap shot by Henrik Sedin.
1:04 of 1st period - Stopped by Jean-Sébastien Giguère with a rebound.
1:06 of 1st period - Slapshot by Henrik Sedin.
1:06 of 1st period - Stopped by Jean-Sébastien Giguère without a rebound.
1:07 of 1st period - Frans Nielsen wins face-off versus Mikko Koivu in Coyotes zone.
1:52 of 1st period - David Hale is hit by Chad Larose.
2:16 of 1st period - Snap shot by Jamal Mayers.
2:16 of 1st period - Deflect By Sergei Samsonov.
2:16 of 1st period - Stopped by Pascal Leclaire without a rebound.
2:17 of 1st period - Mike Fisher wins face-off versus Frans Nielsen in Sharks zone.
2:19 of 1st period - Icing by Andrei Markov.
2:20 of 1st period - Mike Fisher wins face-off versus Frans Nielsen in Sharks zone.
2:33 of 1st period - Slapshot by Radim Vrbata.
2:33 of 1st period - Shot Misses the Net.
2:49 of 1st period - Snap shot by Mikko Koivu.
2:49 of 1st period - Stopped by Jean-Sébastien Giguère without a rebound.
2:50 of 1st period - Mikko Koivu wins face-off versus Maxim Lapierre in Coyotes zone.
3:16 of 1st period - Snap shot by Mikko Koivu.
3:16 of 1st period - Shot Misses the Net.
3:18 of 1st period - Wrist shot by Georges Laraque.
3:18 of 1st period - Stopped by Jean-Sébastien Giguère with a rebound.
3:20 of 1st period - Slapshot by Georges Laraque.
3:20 of 1st period - Shot Misses the Net.
3:56 of 1st period - Slapshot by Drew Miller.
3:56 of 1st period - Shot Misses the Net.
4:12 of 1st period - Georges Laraque is hit by Drew Miller and loses puck.
4:39 of 1st period - Slapshot by Drew Miller.
4:39 of 1st period - Shot Blocked by David Hale.
5:15 of 1st period - Wrist shot by Drew Miller.
5:15 of 1st period - Shot Blocked by David Hale.
5:17 of 1st period - Snap shot by Craig Adams.
5:17 of 1st period - Shot Blocked by David Hale.
5:18 of 1st period - Minor Penalty to Jay Bouwmeester for Interference.
5:19 of 1st period - Henrik Sedin wins face-off versus Chad Larose in Coyotes zone.
7:18 of 1st period - Penalty to Jay Bouwmeester is over, Jay Bouwmeester is back on ice.
7:21 of 1st period - Icing by Sergei Samsonov.
7:22 of 1st period - Mike Fisher wins face-off versus Frans Nielsen in Coyotes zone.
7:47 of 1st period - Shean Donovan is hit by Brenden Morrow and loses puck.
8:09 of 1st period - Bates Battaglia is hit by Jay Bouwmeester.
8:31 of 1st period - Daniel Sedin is hit by Jamal Mayers and loses puck.
10:24 of 1st period - Chad Larose is hit by Vitaly Vishnevsky and loses puck.
11:50 of 1st period - Radim Vrbata is hit by Maxim Lapierre and loses puck.
12:05 of 1st period - Milan Hejduk is hit by Denis Grebeshkov and loses puck.
12:18 of 1st period - Chad Larose is hit by David Hale.
12:28 of 1st period - Kurt Sauer is hit by Andrei Markov and loses puck.
12:43 of 1st period - Sergei Samsonov is hit by Henrik Sedin and loses puck.
13:17 of 1st period - Snap shot by Marian Gaborik.
13:17 of 1st period - Stopped by Pascal Leclaire without a rebound.
13:18 of 1st period - Mike Fisher wins face-off versus Tim Connolly in Sharks zone.
13:44 of 1st period - Mike Komisarek is hit by Brenden Morrow and loses puck.
14:01 of 1st period - Snap shot by Marian Gaborik.
14:01 of 1st period - Shot Misses the Net.
14:14 of 1st period - Wrist shot by Tomas Fleischmann.
14:14 of 1st period - Stopped by Jean-Sébastien Giguère without a rebound.
14:15 of 1st period - Henrik Sedin wins face-off versus Frans Nielsen in Coyotes zone.
14:22 of 1st period - Snap shot by Daniel Sedin.
14:22 of 1st period - Shot Blocked by Jamal Mayers.
14:24 of 1st period - Slapshot by Andrei Markov.
14:24 of 1st period - Deflect By Sergei Samsonov.
14:24 of 1st period - Goal by Andrei Markov - Coyotes : 0 - Sharks : 1.
14:25 of 1st period - Henrik Sedin wins face-off versus Jamal Mayers in neutral zone.
14:38 of 1st period - Snap shot by Henrik Sedin.
14:38 of 1st period - Goal by Henrik Sedin - Coyotes : 0 - Sharks : 2.
14:39 of 1st period - Henrik Sedin wins face-off versus Tim Connolly in neutral zone.
14:51 of 1st period - Snap shot by Marian Gaborik.
14:51 of 1st period - Shot Misses the Net.
14:53 of 1st period - Wrist shot by Tim Connolly.
14:53 of 1st period - Deflect By Milan Hejduk.
14:53 of 1st period - Shot Misses the Net.
14:53 of 1st period - Puck is out of play.
14:54 of 1st period - Henrik Sedin wins face-off versus Frans Nielsen in Sharks zone.
15:03 of 1st period - Snap shot by Frans Nielsen.
15:03 of 1st period - Stopped by Pascal Leclaire with a rebound.
15:13 of 1st period - Icing by Henrik Sedin.
15:14 of 1st period - Henrik Sedin wins face-off versus Tim Connolly in Sharks zone.
16:27 of 1st period - Wrist shot by Mike Fisher.
16:27 of 1st period - Shot Blocked by Jay Bouwmeester.
16:29 of 1st period - Snap shot by Radim Vrbata.
16:29 of 1st period - Shot Blocked by Jay Bouwmeester.
16:36 of 1st period - Icing by Jay Bouwmeester.
16:37 of 1st period - Henrik Sedin wins face-off versus Maxim Lapierre in Coyotes zone.
16:38 of 1st period - Wrist shot by Daniel Sedin.
16:38 of 1st period - Stopped by Jean-Sébastien Giguère with a rebound.
17:02 of 1st period - Tim Connolly is hit by Mikko Koivu.
17:22 of 1st period - Wrist shot by Jamal Mayers.
17:22 of 1st period - Stopped by Pascal Leclaire without a rebound.
17:23 of 1st period - Frans Nielsen wins face-off versus Adam Mair in Sharks zone.
17:26 of 1st period - Wrist shot by Frans Nielsen.
17:26 of 1st period - Stopped by Pascal Leclaire with a rebound.
17:28 of 1st period - Snap shot by Sergei Samsonov.
17:28 of 1st period - Goal by Sergei Samsonov - Coyotes : 1 - Sharks : 2.
17:29 of 1st period - Henrik Sedin wins face-off versus Tim Connolly in neutral zone.
17:37 of 1st period - Off-side.
17:38 of 1st period - Henrik Sedin wins face-off versus Tim Connolly in neutral zone.
17:58 of 1st period - Minor Penalty to Andrei Markov for Hooking.
17:59 of 1st period - Henrik Sedin wins face-off versus Tim Connolly in Sharks zone.
17:59 of 1st period - Henrik Sedin is hit by Tim Connolly.
18:11 of 1st period - Slapshot by Tim Connolly.
18:11 of 1st period - Stopped by Pascal Leclaire without a rebound.
18:12 of 1st period - Tim Connolly wins face-off versus Henrik Sedin in Sharks zone.
19:54 of 1st period - Brenden Morrow is hit by Adam Mair and loses puck.
19:58 of 1st period - Penalty to Andrei Markov is over, Andrei Markov is back on ice.
2nd period
0:01 of 2nd period - Tim Connolly wins face-off versus Henrik Sedin in neutral zone.
0:08 of 2nd period - Off-side.
0:09 of 2nd period - Henrik Sedin wins face-off versus Tim Connolly in neutral zone.
0:38 of 2nd period - Jay Bouwmeester is hit by Daniel Sedin.
0:42 of 2nd period - Snap shot by Marian Gaborik.
0:42 of 2nd period - Stopped by Pascal Leclaire with a rebound.
0:56 of 2nd period - Slapshot by Andrei Markov.
0:56 of 2nd period - Deflect By Milan Hejduk.
0:56 of 2nd period - Stopped by Jean-Sébastien Giguère with a rebound.
1:08 of 2nd period - Snap shot by Henrik Sedin.
1:08 of 2nd period - Stopped by Jean-Sébastien Giguère without a rebound.
1:09 of 2nd period - Frans Nielsen wins face-off versus Mikko Koivu in Coyotes zone.
1:43 of 2nd period - Slapshot by Chad Larose.
1:43 of 2nd period - Shot Misses the Net.
2:05 of 2nd period - Snap shot by Bates Battaglia.
2:05 of 2nd period - Shot Misses the Net.
2:07 of 2nd period - Wrist shot by Adam Mair.
2:07 of 2nd period - Stopped by Jean-Sébastien Giguère without a rebound.
2:08 of 2nd period - Frans Nielsen wins face-off versus Mikko Koivu in Coyotes zone.
2:21 of 2nd period - Vitaly Vishnevsky is hit by Sergei Samsonov and loses puck.
2:46 of 2nd period - Icing by Jay Bouwmeester.
2:47 of 2nd period - Tim Connolly wins face-off versus Mikko Koivu in Coyotes zone.
2:58 of 2nd period - Brenden Morrow is hit by Ryan Malone and loses puck.
3:47 of 2nd period - Wrist shot by Henrik Sedin.
3:47 of 2nd period - Stopped by Jean-Sébastien Giguère without a rebound.
3:48 of 2nd period - Mikko Koivu wins face-off versus Frans Nielsen in Coyotes zone.
4:48 of 2nd period - Wrist shot by Pavel Brendl.
4:48 of 2nd period - Stopped by Pascal Leclaire without a rebound.
4:49 of 2nd period - Henrik Sedin wins face-off versus Jamal Mayers in Sharks zone.
5:14 of 2nd period - Mike Komisarek is hit by Craig Adams and loses puck.
5:53 of 2nd period - Denis Grebeshkov is hit by Shean Donovan and loses puck.
5:57 of 2nd period - Minor Penalty to Adam Mair for High sticking.
5:58 of 2nd period - Henrik Sedin wins face-off versus Tim Connolly in Sharks zone.
6:09 of 2nd period - Slapshot by Tom Poti.
6:09 of 2nd period - Goal by Tom Poti - Coyotes : 2 - Sharks : 2.
6:10 of 2nd period - Henrik Sedin wins face-off versus Tim Connolly in neutral zone.
6:35 of 2nd period - Ryan Malone is hit by Frans Nielsen.
7:22 of 2nd period - Wrist shot by Tomas Fleischmann.
7:22 of 2nd period - Stopped by Jean-Sébastien Giguère without a rebound.
7:23 of 2nd period - Henrik Sedin wins face-off versus Tim Connolly in Coyotes zone.
7:30 of 2nd period - Wrist shot by Daniel Sedin.
7:30 of 2nd period - Shot Misses the Net.
7:32 of 2nd period - Slapshot by Vitaly Vishnevsky.
7:32 of 2nd period - Stopped by Jean-Sébastien Giguère without a rebound.
7:33 of 2nd period - Henrik Sedin wins face-off versus Tim Connolly in Coyotes zone.
7:54 of 2nd period - Slapshot by Christian Ehrhoff.
7:54 of 2nd period - Shot Blocked by Vitaly Vishnevsky.
8:06 of 2nd period - Wrist shot by Henrik Sedin.
8:06 of 2nd period - Stopped by Jean-Sébastien Giguère with a rebound.
8:14 of 2nd period - Snap shot by Milan Hejduk.
8:14 of 2nd period - Stopped by Jean-Sébastien Giguère without a rebound.
8:15 of 2nd period - Mikko Koivu wins face-off versus Frans Nielsen in Coyotes zone.
8:24 of 2nd period - Wrist shot by Georges Laraque.
8:24 of 2nd period - Stopped by Jean-Sébastien Giguère without a rebound.
8:25 of 2nd period - Frans Nielsen wins face-off versus Mikko Koivu in Coyotes zone.
8:25 of 2nd period - Frans Nielsen is hit by Georges Laraque.
8:33 of 2nd period - Snap shot by Frans Nielsen.
8:33 of 2nd period - Stopped by Pascal Leclaire with a rebound.
9:01 of 2nd period - Slapshot by Mikko Koivu.
9:01 of 2nd period - Shot Misses the Net.
9:20 of 2nd period - Wrist shot by Frans Nielsen.
9:20 of 2nd period - Shot Misses the Net.
9:22 of 2nd period - Slapshot by Tom Poti.
9:22 of 2nd period - Stopped by Pascal Leclaire without a rebound.
9:23 of 2nd period - Henrik Sedin wins face-off versus Tim Connolly in Sharks zone.
9:23 of 2nd period - Minor Penalty to Brenden Morrow for Roughing.
9:24 of 2nd period - Henrik Sedin wins face-off versus Chad Larose in Coyotes zone.
10:43 of 2nd period - Henrik Sedin is hit by Jay Bouwmeester.
10:47 of 2nd period - Milan Hejduk is hit by Riley Cote and loses puck.
11:23 of 2nd period - Penalty to Brenden Morrow is over, Brenden Morrow is back on ice.
11:43 of 2nd period - Slapshot by Frans Nielsen.
11:43 of 2nd period - Stopped by Pascal Leclaire with a rebound.
11:45 of 2nd period - Wrist shot by Frans Nielsen.
11:45 of 2nd period - Shot Misses the Net.
11:47 of 2nd period - Wrist shot by Craig Adams.
11:47 of 2nd period - Stopped by Pascal Leclaire without a rebound.
11:48 of 2nd period - Mike Fisher wins face-off versus Brenden Morrow in Sharks zone.
11:48 of 2nd period - Mike Fisher is hit by Tim Connolly.
12:04 of 2nd period - Snap shot by Tomas Fleischmann.
12:04 of 2nd period - Shot Blocked by Brenden Morrow.
12:11 of 2nd period - Minor Penalty to Ryan Malone for Roughing.
12:12 of 2nd period - Tim Connolly wins face-off versus Henrik Sedin in Sharks zone.
12:48 of 2nd period - Snap shot by Jamal Mayers.
12:48 of 2nd period - Goal by Jamal Mayers - Coyotes : 3 - Sharks : 2.
12:49 of 2nd period - Milan Hejduk wins face-off versus Tim Connolly in neutral zone.
12:51 of 2nd period - Minor Penalty to Milan Hejduk for High sticking.
12:52 of 2nd period - Tim Connolly wins face-off versus Henrik Sedin in Sharks zone.
14:51 of 2nd period - Penalty to Milan Hejduk is over, Milan Hejduk is back on ice.
14:51 of 2nd period - Marian Gaborik is hit by Milan Hejduk and loses puck.
15:32 of 2nd period - Minor Penalty to Mikko Koivu for High sticking.
15:33 of 2nd period - Henrik Sedin wins face-off versus Frans Nielsen in Sharks zone.
15:44 of 2nd period - Snap shot by Tom Poti.
15:44 of 2nd period - Stopped by Pascal Leclaire without a rebound.
15:45 of 2nd period - Henrik Sedin wins face-off versus Tim Connolly in Sharks zone.
16:49 of 2nd period - Marian Gaborik is hit by Milan Hejduk and loses puck.
17:02 of 2nd period - Jamal Mayers is hit by Bates Battaglia and loses puck.
17:32 of 2nd period - Penalty to Mikko Koivu is over, Mikko Koivu is back on ice.
18:23 of 2nd period - Icing by Craig Adams.
18:24 of 2nd period - Henrik Sedin wins face-off versus Maxim Lapierre in Coyotes zone.
18:40 of 2nd period - Minor Penalty to Jiri Fischer for Hooking.
18:41 of 2nd period - Chad Larose wins face-off versus Henrik Sedin in Coyotes zone.
19:08 of 2nd period - Wrist shot by Mikko Koivu.
19:08 of 2nd period - Shot Misses the Net.
19:24 of 2nd period - Tom Poti is hit by Mikko Koivu and loses puck.
19:35 of 2nd period - Wrist shot by Ryan Malone.
19:35 of 2nd period - Shot Misses the Net.
3rd period
0:01 of 3rd period - Henrik Sedin wins face-off versus Chad Larose in neutral zone.
0:36 of 3rd period - Snap shot by Mikko Koivu.
0:36 of 3rd period - Stopped by Jean-Sébastien Giguère without a rebound.
0:37 of 3rd period - Henrik Sedin wins face-off versus Chad Larose in Coyotes zone.
0:40 of 3rd period - Penalty to Jiri Fischer is over, Jiri Fischer is back on ice.
0:40 of 3rd period - Slapshot by Henrik Sedin.
0:40 of 3rd period - Shot Misses the Net.
0:58 of 3rd period - Snap shot by Drew Miller.
0:58 of 3rd period - Stopped by Pascal Leclaire without a rebound.
0:59 of 3rd period - Mikko Koivu wins face-off versus Tim Connolly in Sharks zone.
1:35 of 3rd period - Snap shot by Brenden Morrow.
1:35 of 3rd period - Stopped by Pascal Leclaire without a rebound.
1:36 of 3rd period - Frans Nielsen wins face-off versus Henrik Sedin in Sharks zone.
1:47 of 3rd period - Snap shot by Frans Nielsen.
1:47 of 3rd period - Shot Misses the Net.
1:49 of 3rd period - Snap shot by Frans Nielsen.
1:49 of 3rd period - Stopped by Pascal Leclaire without a rebound.
1:50 of 3rd period - Frans Nielsen wins face-off versus Henrik Sedin in Sharks zone.
1:53 of 3rd period - Wrist shot by Sergei Samsonov.
1:53 of 3rd period - Shot Misses the Net.
2:15 of 3rd period - Tom Poti is hit by Mikko Koivu and loses puck.
2:16 of 3rd period - Tom Poti from Coyotes is injured at 2:16 of 3rd period (Bruised Left Shoulder).
2:17 of 3rd period - Henrik Sedin wins face-off versus Tim Connolly in Coyotes zone.
2:18 of 3rd period - Wrist shot by Daniel Sedin.
2:18 of 3rd period - Shot Misses the Net.
2:42 of 3rd period - Denis Grebeshkov is hit by Ryan Malone and loses puck.
3:14 of 3rd period - Wrist shot by Drew Miller.
3:14 of 3rd period - Shot Misses the Net.
3:16 of 3rd period - Slapshot by Maxim Lapierre.
3:16 of 3rd period - Stopped by Pascal Leclaire without a rebound.
3:17 of 3rd period - Tim Connolly wins face-off versus Henrik Sedin in Sharks zone.
3:20 of 3rd period - Backhand shot by Brenden Morrow.
3:20 of 3rd period - Shot Blocked by Vitaly Vishnevsky.
3:22 of 3rd period - Snap shot by Brenden Morrow.
3:22 of 3rd period - Shot Misses the Net.
3:24 of 3rd period - Slapshot by Jiri Fischer.
3:24 of 3rd period - Stopped by Pascal Leclaire without a rebound.
3:25 of 3rd period - Henrik Sedin wins face-off versus Tim Connolly in Sharks zone.
3:25 of 3rd period - Henrik Sedin is hit by Brenden Morrow.
3:53 of 3rd period - Snap shot by Brenden Morrow.
3:53 of 3rd period - Shot Blocked by Vitaly Vishnevsky.
3:55 of 3rd period - Slapshot by Kurt Sauer.
3:55 of 3rd period - Stopped by Pascal Leclaire without a rebound.
3:56 of 3rd period - Frans Nielsen wins face-off versus Ryan Malone in Sharks zone.
3:59 of 3rd period - Snap shot by Sergei Samsonov.
3:59 of 3rd period - Shot Blocked by Mike Komisarek.
4:11 of 3rd period - Snap shot by Georges Laraque.
4:11 of 3rd period - Shot Misses the Net.
4:23 of 3rd period - Dan Girardi is hit by Denis Grebeshkov and loses puck.
4:33 of 3rd period - Icing by Radim Vrbata.
4:34 of 3rd period - Mike Fisher wins face-off versus Tim Connolly in Sharks zone.
4:39 of 3rd period - Tomas Fleischmann is hit by Marian Gaborik and loses puck.
4:52 of 3rd period - Snap shot by Tomas Fleischmann.
4:52 of 3rd period - Shot Misses the Net.
5:25 of 3rd period - Wrist shot by Radim Vrbata.
5:25 of 3rd period - Stopped by Jean-Sébastien Giguère without a rebound.
5:26 of 3rd period - Drew Miller wins face-off versus Henrik Sedin in Coyotes zone.
5:53 of 3rd period - Marian Gaborik is hit by Ryan Malone and loses puck.
6:02 of 3rd period - Snap shot by Mikko Koivu.
6:02 of 3rd period - Shot Misses the Net.
6:04 of 3rd period - Slapshot by Georges Laraque.
6:04 of 3rd period - Shot Blocked by Marian Gaborik.
6:18 of 3rd period - Snap shot by Adam Mair.
6:18 of 3rd period - Shot Blocked by Brenden Morrow.
6:26 of 3rd period - Andrei Markov is hit by Tim Connolly and loses puck.
6:31 of 3rd period - Snap shot by Tim Connolly.
6:31 of 3rd period - Shot Blocked by Adam Mair.
6:33 of 3rd period - Slapshot by Brenden Morrow.
6:33 of 3rd period - Shot Misses the Net.
6:35 of 3rd period - Slapshot by Denis Grebeshkov.
6:35 of 3rd period - Stopped by Pascal Leclaire with a rebound.
6:41 of 3rd period - Wrist shot by Marian Gaborik.
6:41 of 3rd period - Shot Misses the Net.
6:43 of 3rd period - Wrist shot by Tim Connolly.
6:43 of 3rd period - Shot Misses the Net.
6:45 of 3rd period - Backhand shot by Christian Ehrhoff.
6:45 of 3rd period - Shot Blocked by Andrei Markov.
6:53 of 3rd period - Snap shot by Marian Gaborik.
6:53 of 3rd period - Shot Misses the Net.
6:55 of 3rd period - Snap shot by Marian Gaborik.
6:55 of 3rd period - Stopped by Pascal Leclaire without a rebound.
6:56 of 3rd period - Frans Nielsen wins face-off versus Henrik Sedin in Sharks zone.
6:56 of 3rd period - Minor Penalty to Daniel Sedin for Hooking.
6:57 of 3rd period - Henrik Sedin wins face-off versus Frans Nielsen in Sharks zone.
7:33 of 3rd period - Bates Battaglia is hit by Jay Bouwmeester and loses puck.
8:23 of 3rd period - Bates Battaglia is hit by Jiri Fischer and loses puck.
8:56 of 3rd period - Penalty to Daniel Sedin is over, Daniel Sedin is back on ice.
9:20 of 3rd period - Snap shot by Mikko Koivu.
9:20 of 3rd period - Shot Misses the Net.
10:39 of 3rd period - Bates Battaglia is hit by Marian Gaborik and loses puck.
10:50 of 3rd period - Maxim Lapierre is hit by Georges Laraque and loses puck.
11:00 of 3rd period - Minor Penalty to Dick Tarnstrom for Tripping.
11:01 of 3rd period - Daniel Sedin wins face-off versus Frans Nielsen in Sharks zone.
11:10 of 3rd period - Vitaly Vishnevsky is hit by Frans Nielsen and loses puck.
13:00 of 3rd period - Penalty to Dick Tarnstrom is over, Dick Tarnstrom is back on ice.
13:36 of 3rd period - Wrist shot by Riley Cote.
13:36 of 3rd period - Stopped by Pascal Leclaire with a rebound.
14:45 of 3rd period - Denis Grebeshkov is hit by Adam Mair and loses puck.
15:04 of 3rd period - Chad Larose is hit by Mikko Koivu and loses puck.
15:09 of 3rd period - Wrist shot by Ryan Malone.
15:09 of 3rd period - Stopped by Jean-Sébastien Giguère without a rebound.
15:10 of 3rd period - Henrik Sedin wins face-off versus Frans Nielsen in Coyotes zone.
15:11 of 3rd period - Snap shot by Milan Hejduk.
15:11 of 3rd period - Stopped by Jean-Sébastien Giguère with a rebound.
15:23 of 3rd period - Snap shot by Frans Nielsen.
15:23 of 3rd period - Shot Misses the Net.
15:25 of 3rd period - Slapshot by Kurt Sauer.
15:25 of 3rd period - Stopped by Pascal Leclaire without a rebound.
15:26 of 3rd period - Tim Connolly wins face-off versus Tomas Fleischmann in Sharks zone.
15:51 of 3rd period - Kurt Sauer is hit by Andrei Markov and loses puck.
16:04 of 3rd period - Wrist shot by Tim Connolly.
16:04 of 3rd period - Shot Misses the Net.
16:06 of 3rd period - Snap shot by Brenden Morrow.
16:06 of 3rd period - Stopped by Pascal Leclaire without a rebound.
16:07 of 3rd period - Mike Fisher wins face-off versus Maxim Lapierre in Sharks zone.
16:38 of 3rd period - Jay Bouwmeester is hit by Milan Hejduk and loses puck.
16:44 of 3rd period - Icing by Jay Bouwmeester.
16:45 of 3rd period - Adam Mair wins face-off versus Frans Nielsen in Coyotes zone.
16:48 of 3rd period - Snap shot by Adam Mair.
16:48 of 3rd period - Shot Misses the Net.
16:56 of 3rd period - Wrist shot by Frans Nielsen.
16:56 of 3rd period - Deflect By Sergei Samsonov.
16:56 of 3rd period - Shot Misses the Net.
16:56 of 3rd period - Puck is out of play.
16:57 of 3rd period - Mike Fisher wins face-off versus Maxim Lapierre in Sharks zone.
17:04 of 3rd period - Wrist shot by Drew Miller.
17:04 of 3rd period - Stopped by Pascal Leclaire with a rebound.
17:06 of 3rd period - Snap shot by Craig Adams.
17:06 of 3rd period - Stopped by Pascal Leclaire without a rebound.
17:07 of 3rd period - Maxim Lapierre wins face-off versus Mike Fisher in Sharks zone.
17:43 of 3rd period - Slapshot by Craig Adams.
17:43 of 3rd period - Shot Blocked by Vitaly Vishnevsky.
17:45 of 3rd period - Slapshot by Craig Adams.
17:45 of 3rd period - Shot Misses the Net.
18:13 of 3rd period - Snap shot by Craig Adams.
18:13 of 3rd period - Goal by Craig Adams - Coyotes : 4 - Sharks : 2.
18:14 of 3rd period - Henrik Sedin wins face-off versus Tim Connolly in neutral zone.
18:19 of 3rd period - Snap shot by Henrik Sedin.
18:19 of 3rd period - Stopped by Jean-Sébastien Giguère without a rebound.
18:20 of 3rd period - Henrik Sedin wins face-off versus Tim Connolly in Coyotes zone.
18:25 of 3rd period - Snap shot by Henrik Sedin.
18:25 of 3rd period - Stopped by Jean-Sébastien Giguère without a rebound.
18:26 of 3rd period - Chad Larose wins face-off versus Adam Mair in Coyotes zone.
18:26 of 3rd period - Chad Larose is hit by Adam Mair.
18:29 of 3rd period - Christian Ehrhoff is hit by Andrei Markov and loses puck.
18:52 of 3rd period - Craig Adams is hit by Mike Fisher and loses puck.
19:01 of 3rd period - Tomas Fleischmann is hit by Craig Adams and loses puck.
19:17 of 3rd period - Mikko Koivu is hit by Maxim Lapierre.
19:23 of 3rd period - Slapshot by Andrei Markov.
19:23 of 3rd period - Deflect By Mikko Koivu.
19:23 of 3rd period - Goal by Mikko Koivu - Coyotes : 4 - Sharks : 3.
19:24 of 3rd period - Henrik Sedin wins face-off versus Tim Connolly in neutral zone.
19:27 of 3rd period - Sharks, Pascal Leclaire is pulled from the net.
19:45 of 3rd period - Snap shot by Henrik Sedin.
19:45 of 3rd period - Stopped by Jean-Sébastien Giguère without a rebound.
19:46 of 3rd period - Kirk Muller call a timeout for Sharks.
19:46 of 3rd period - Henrik Sedin wins face-off versus Tim Connolly in Coyotes zone.
19:47 of 3rd period - Snap shot by Daniel Sedin.
19:47 of 3rd period - Stopped by Jean-Sébastien Giguère without a rebound.
19:48 of 3rd period - Henrik Sedin wins face-off versus Tim Connolly in Coyotes zone.
Output by the SimonT Hockey Simulator (STHS) for François Prévost -- Original Page W3C XHTML 1.0 Valid